AoeStats
← Bandolero

Arabia

508699885Analyzed
4v4 RM · 9d ago on Sep 23, 2026· 45m 27s· 8 players
Game mode
Random Map
Map size
Large (8 player)
Population
200
Speed
Normal
Resources
Standard
Victory
Conquest
Starting age
Dark Age
Ending age
Imperial Age
RankedLock teamsTeams togetherTeam positionsShared explorationLock speedFull tech treeHidden civsTurbo modeCheats
Victory
Defeat
🇫🇷 Varangians · France
1714
+11
🇫🇷 Ethiopians · France
1669
+13
🇫🇷 Magyars · France
1614
+15
🇫🇷 Vikings · France
1554
+17
🇹🇼 Varangians · Taiwan
1646
-16
🇦🇷 Franks · Argentina
1622
-15
🇩🇰 Danes · Denmark
1576
-13
🇻🇳 Britons · Vietnam
1552
-12
Bandolero
6:52 Loom
9:16 Feudal Age
10:22 Double-Bit Axe
14:16 Scale Barding Armor
16:02 Forging
22:40 Castle Age
21:00 Gold Mining
23:47 Chain Barding Armor
26:13 Iron Casting
27:11 Husbandry
36:41 Wheelbarrow
35:52 Town Watch
Lord Longshaft
8:54 Feudal Age
11:08 Double-Bit Axe
12:40 Fletching
13:12 Loom
14:41 Padded Archer Armor
19:29 Horse Collar
20:32 Gold Mining
24:38 Castle Age
24:40 Crossbowman
25:34 Bodkin Arrow
30:02 Ballistics
35:59 Scale Mail Armor
TAG_Wayne
8:49 Feudal Age
7:07 Loom
9:22 Double-Bit Axe
10:12 Horse Collar
11:02 Bloodlines
16:58 Wheelbarrow
17:42 Scale Barding Armor
18:07 Forging
23:46 Castle Age
23:47 Light Cavalry
24:48 Chain Barding Armor
24:54 Husbandry
26:52 Bow Saw
28:12 Gold Mining
31:27 Hand Cart
37:40 Vendel Legacy
39:10 Town Watch
44:29 Imperial Age
44:31 Cavalier
45:47 Plate Barding Armor
luanb10
5:41 Loom
8:47 Feudal Age
11:20 Fletching
16:36 Padded Archer Armor
24:59 Castle Age
25:50 Bodkin Arrow
25:19 Crossbowman
29:04 Ballistics
30:00 Leather Archer Armor
32:15 Wheelbarrow
34:58 Hand Cart
41:02 Imperial Age
41:12 Arbalester
41:58 Bracer
43:57 Chemistry
43:14 Elite Skirmisher
44:57 Ring Archer Armor
-2n+2q
9:03 Feudal Age
8:57 Loom
9:44 Double-Bit Axe
9:48 Horse Collar
11:45 Bloodlines
15:21 Scale Barding Armor
19:39 Forging
23:18 Castle Age
22:02 Gold Mining
24:27 Bow Saw
24:40 Chain Barding Armor
23:44 Light Cavalry
24:24 Husbandry
33:09 Wheelbarrow
37:30 Iron Casting
38:52 Fletching
39:34 Bodkin Arrow
42:06 Vendel Legacy
44:03 Hand Cart
48:13 Imperial Age
ccereal
7:09 Loom
9:22 Feudal Age
10:24 Double-Bit Axe
13:37 Fletching
20:22 Castle Age
19:00 Gold Mining
19:21 Horse Collar
20:24 Crossbowman
21:23 Bodkin Arrow
22:49 Ballistics
26:03 Padded Archer Armor
26:57 Bow Saw
27:26 Leather Archer Armor
34:23 Heavy Plow
Obélix
0:41 Loom
6:51 Loom
8:52 Feudal Age
9:46 Double-Bit Axe
10:10 Horse Collar
12:10 Wheelbarrow
13:44 Scale Barding Armor
18:16 Bloodlines
17:56 Town Watch
23:13 Castle Age
22:47 Gold Mining
23:33 Light Cavalry
26:47 Chain Barding Armor
26:57 Husbandry
31:08 Bow Saw
31:49 Heavy Plow
34:50 Hand Cart
37:34 Gold Shaft Mining
36:50 Stone Mining
41:35 Imperial Age
40:09 Corvinian Army
42:51 Plate Barding Armor
41:38 Cavalier
43:25 Paladin
Ravamax
8:46 Feudal Age
8:32 Loom
9:40 Double-Bit Axe
11:31 Fletching
18:08 Padded Archer Armor
22:26 Castle Age
20:59 Gold Mining
20:50 Horse Collar
22:29 Crossbowman
23:12 Bodkin Arrow
24:42 Ballistics
24:41 Leather Archer Armor
27:08 Thumb Ring
30:04 Bow Saw
30:02 Heavy Plow
31:28 Town Watch
33:05 Wheelbarrow
40:20 Imperial Age
37:56 Stone Mining
41:08 Bracer
40:33 Arbalester
42:24 Ring Archer Armor
43:04 Chemistry
43:10 Elite Skirmisher
Connection lost

Rejoining the realm…

Still unreachable

The connection could not be restored.

Session expired

The server has moved on; the page needs a fresh start.